Map: Prion Terraces

Players

LilDicky - Winner!

  • Race: Terran Terran
  • League: Diamond

Frawg

  • Race: Terran Terran
  • League: Platinum

VOD

http://www.twitch.tv/tumescentpie

Description

Time

  • Played on: Nov. 26, 2015, 12:06 a.m.
  • Length: 19:39
Show
View Real Time Build Order
Export as new Build Order

LilDicky Terran - Winner!

Build Orders:  

Get SALT Encoding   

  12  0:01  SCV  
  13  0:13  SCV  
  14  0:17  Supply Depot  
  14  0:25  Refinery  
  14  0:27  SCV  
  15  0:39  SCV  
  16  0:45  Barracks  
  16  0:51  SCV  
  17  1:03  SCV  
  18  1:11  Barracks  
  18  1:16  SCV  
  19  1:28  SCV  
  20  1:33  Supply Depot, Reaper  
  21  1:40  Orbital Command  
  21  1:54  Barracks  
  21  2:00  Reaper  
  22  2:03  Refinery  
  22  2:05  Reaper  
  22  2:06  SCV  
  24  2:20  Supply Depot, SCV  
  25  2:32  Reaper  
  26  2:41  Reaper x2  
  26  2:42  SCV  
  29  2:45  Supply Depot  
  28  2:54  SCV  
  28  2:56  Supply Depot  
  29  3:04  Marine  
  30  3:06  SCV  
  31  3:13  Reaper  
  31  3:19  Reaper  
  33  3:22  SCV  
  33  3:26  Engineering Bay  
  34  3:28  Factory  
  34  3:36  Reaper  
  34  3:40  SCV  
  36  3:45  Reaper  
  36  3:57  Reaper  
  36  4:28  Factory Tech Lab  
  36  4:31  SCV  
  35  4:34  Starport, Marine x2  
  35  4:38  Command Center  
  35  4:41  Missile Turret  
  35  4:44  SCV  
  36  4:46  Supply Depot, Marine  
  36  4:49  Siege Tank  
  36  4:52  Marine x2  
  41  4:53  Supply Depot  
  41  4:56  SCV  
  42  5:08  SCV  
  42  5:17  Marine x3  
  43  5:27  Banshee, Cloaking Field  
  46  5:30  SCV  
  46  5:35  Marine x3  
  49  5:39  Widow Mine  
  53  5:42  SCV  
  53  5:53  Marine  
  53  5:55  SCV  
  53  5:56  Barracks Tech Lab  
  53  5:57  Barracks Tech Lab  
  55  6:00  Command Center  
  55  6:24  SCV  
  51  6:34  Marine x2  
  51  6:35  Banshee  
  51  6:36  Factory Tech Lab  
  51  6:38  SCV  
  54  6:40  Orbital Command  
  53  6:50  SCV  
  48  7:02  SCV  
  48  7:04  Combat Shields, Marine x3  
  48  7:05  Stimpack  
  55  7:08  Siege Tank  
  55  7:09  Starport  
  55  7:21  Marine  
  55  7:22  Marine  
  57  7:28  Marine  
  55  7:39  Marine  
  55  7:40  Siege Tank  
  57  7:46  Orbital Command  
  57  7:48  Refinery  
  57  7:53  Refinery x2  
  57  7:57  Refinery  
  57  8:12  Starport Reactor  
  57  8:13  SCV  
  57  8:14  SCV  
  57  8:16  SCV  
  57  8:18  Siege Tank  
  63  8:25  SCV  
  63  8:26  SCV  
  65  8:28  SCV  
  65  8:32  Banshee  
  66  8:36  Marine x2  
  66  8:38  SCV x2  
  66  8:40  SCV  
  71  8:44  Barracks Reactor  
  67  8:49  Viking x2  
  67  8:50  SCV x2  
  67  8:54  Marine  
  70  9:42  Marine x2  
  70  9:43  Marauder x2  
  76  9:46  Medivac x2  
  76  9:47  Viking  
  76  9:48  Command Center  
  76  9:49  SCV  
  83  9:53  SCV  
  83  9:56  Command Center  
  84  10:05  Missile Turret, Marauder  
  84  10:07  SCV, Marine x2  
  87  10:08  Concussive Shells  
  87  10:09  Missile Turret  
  87  10:11  SCV  
  57  10:38  Marine x2  
  52  10:45  Marine x2  
  52  10:46  SCV x3  
  52  10:56  Marine  
  53  10:58  SCV x2  
  53  11:03  Medivac  
  57  11:05  SCV  
  57  11:08  SCV  
  59  11:17  Orbital Command  
  59  11:20  Orbital Command  
  59  11:27  SCV  
  59  11:28  SCV x2  
  59  11:30  Marine  
  59  11:31  Marine x3  
  66  11:33  Medivac  
  66  11:34  Viking  
  66  11:39  SCV  
  71  11:40  SCV x2  
  73  11:48  Marine  
  73  11:51  SCV, Barracks  
  73  11:52  SCV  
  73  11:53  Barracks  
  76  11:54  Marine  
  76  11:55  Marine x2  
  76  11:56  Terran Infantry Weapons Level 1, Barracks  
  76  11:59  Engineering Bay  
  76  12:00  Banshee  
  82  12:03  SCV x2  
  82  12:04  SCV x3  
  87  12:15  SCV  
  87  12:16  SCV x3  
  87  12:20  Marine  
  87  12:21  Marauder x2, Marine  
  97  12:24  Medivac x2  
  98  12:38  Marine  
  98  12:39  Missile Turret, Marine  
  98  12:41  Marine x2  
  98  12:42  Marauder  
  98  12:43  Medivac  
  106  12:44  Missile Turret  
  106  12:54  Viking, Medivac  
  110  12:58  Barracks Reactor  
  110  12:59  Marine x2  
  110  13:01  Terran Infantry Armor Level 1  
  110  13:04  Command Center, Armory  
  111  13:12  Viking  
  111  13:14  Sensor Tower, Marine x2  
  111  13:15  Marine  
  111  13:16  Marauder  
  118  13:30  Marine x2  
  120  13:39  Marine x5  
  120  13:40  Marauder  
  127  13:43  Banshee  
  127  13:45  SCV  
  131  13:49  Supply Depot x2, Starport  
  131  13:51  Supply Depot x2  
  131  13:53  Supply Depot  
  131  13:55  Marine x2  
  131  13:56  Viking x2  
  131  13:57  Marine x2  
  131  13:58  Marauder  
  131  14:00  Terran Infantry Weapons Level 2  
  131  14:01  Marauder, Marine x2  
  135  14:19  Marauder  
  135  14:23  Marauder  
  132  14:28  Marine x6  
  130  14:40  Marine  
  130  14:44  Marine  
  129  14:45  Marine  
  129  14:46  Marine x5  
  134  14:58  Marauder  
  127  15:02  Marauder  
  127  15:03  Marine  
  127  15:05  Marine x2  
  127  15:06  Marine  
  116  15:17  Marine x2  
  116  15:20  Marauder  
  114  15:23  Marauder  
  112  15:37  Marine  
  112  15:38  Marine  
  112  15:39  Marine  
  112  15:41  Marauder  
  117  15:45  Marauder  
  111  15:52  Marine  
  111  15:53  Marine x2  
  111  15:55  Marine  
  111  15:56  Marine  
  111  15:57  Marine  
  111  15:59  Siege Tank  
  111  16:02  Marauder  
  114  16:06  Marauder  
  114  16:10  Marine  
  114  16:11  Marine x2  
  117  16:13  Marine  
  117  16:14  Factory, Marine  
  117  16:15  Marine, Orbital Command  
  110  16:19  Medivac x2  
  110  16:20  Factory  
  110  16:21  Terran Infantry Weapons Level 3  
  110  16:22  Factory, Terran Infantry Armor Level 2  
  110  16:24  Marauder  
  108  16:28  Marine x2, Marauder  
  108  16:32  Marine x3  
  105  16:33  Marine  
  105  16:39  Viking  
  110  16:43  Terran Vehicle And Ship Armor Level 1  
  110  16:45  Marauder  
  110  16:46  Starport Tech Lab, Marine x2  
  114  16:48  SCV  
  114  16:49  Viking, Marauder  
  114  16:50  Marine  
  114  16:51  Supply Depot  
  114  16:52  Supply Depot  
  120  17:00  Marine  
  121  17:03  Command Center, Siege Tank  
  121  17:04  Factory Tech Lab x2  
  121  17:05  Marine  
  121  17:06  Viking x2  
  121  17:07  Marauder  
  131  17:08  Command Center  
  131  17:15  Marine x2  
  133  17:26  Marine  
  133  17:27  Marine x5  
  139  17:33  Marine x2  
  141  17:44  Marine x3  
  141  17:45  Marauder, Marine  
  141  17:46  Marauder  
  141  17:49  Siege Tank  
  141  17:50  Siege Tank  
  141  17:51  Command Center, Marine  
  156  17:57  Marine  
  157  18:03  Missile Turret x2  
  157  18:04  Missile Turret  
  151  18:17  Marine x3  
  151  18:18  Marauder x2  
  158  18:30  SCV, Sensor Tower  
  158  18:31  SCV  
  158  18:33  Command Center  
  160  18:48  Orbital Command  
  157  18:51  Sensor Tower  
  153  18:56  Siege Tank x3  
  153  18:57  Factory Tech Lab  
  153  18:58  Marine x2  
  161  19:09  Marine  
  155  19:10  Marine x5  
  155  19:16  Marine x2  
Show
View Real Time Build Order
Export as new Build Order

Frawg Terran 

Build Orders:  

Get SALT Encoding   

  12  0:02  SCV  
  13  0:14  SCV  
  13  0:20  Supply Depot  
  14  0:26  SCV  
  15  0:42  SCV, Barracks  
  16  0:54  SCV  
  17  1:12  Command Center  
  17  1:16  SCV  
  18  1:25  Supply Depot  
  18  1:28  SCV  
  18  1:29  Marine  
  20  1:34  Refinery  
  20  1:41  SCV  
  20  1:44  Refinery  
  21  1:47  Marine  
  22  1:55  SCV  
  23  2:07  SCV, Marine  
  25  2:15  Supply Depot  
  25  2:19  SCV  
  26  2:24  SCV  
  27  2:31  SCV  
  27  2:33  Factory  
  28  2:38  Reaper  
  28  2:45  SCV  
  29  2:52  SCV  
  29  2:57  SCV, Factory  
  31  3:04  SCV  
  32  3:09  SCV  
  32  3:16  SCV, Reaper  
  33  3:22  SCV  
  33  3:27  Hellion  
  36  3:28  SCV  
  37  3:40  SCV x2, Starport  
  39  3:42  Hellion  
  39  3:48  Reaper  
  37  3:56  Hellion  
  38  4:03  Hellion  
  38  4:18  Hellion  
  38  4:27  Hellion  
  38  4:32  SCV  
  38  4:33  SCV  
  40  4:39  Hellion  
  40  4:45  SCV x2  
  44  4:49  Factory Tech Lab  
  44  4:57  SCV  
  44  4:58  Marine  
  44  4:59  SCV  
  47  5:09  SCV  
  47  5:11  SCV  
  48  5:17  Liberator  
  48  5:21  SCV  
  46  5:23  SCV  
  47  5:32  Siege Tank  
  47  5:33  SCV  
  54  5:37  Barracks  
  54  5:39  Supply Depot  
  54  5:40  Supply Depot  
  54  5:55  Engineering Bay  
  54  6:00  SCV x2, Hellion  
  54  6:01  Barracks  
  54  6:02  Barracks  
  58  6:06  Siege Tank  
  61  6:13  Orbital Command  
  61  6:17  SCV  
  58  6:37  Barracks Reactor x2  
  58  6:38  Factory Reactor  
  58  6:41  Siege Tank  
  51  7:00  SCV x2  
  53  7:04  Missile Turret  
  48  7:12  SCV x2  
  48  7:13  Siege Tank  
  46  7:24  SCV x2  
  46  7:25  Missile Turret  
  46  7:26  Missile Turret  
  46  7:28  Marine x3  
  46  7:29  Marine x3  
  51  7:30  Viking  
  51  7:36  SCV x2  
  55  7:45  Siege Tank  
  55  7:46  Marine x2  
  55  7:48  SCV, Widow Mine  
  61  7:59  Marine  
  61  8:00  Marine x3  
  54  8:27  Missile Turret x2  
  54  8:39  Marine x3  
  54  8:40  Marine x3  
  60  8:41  Siege Tank  
  63  8:54  SCV  
  63  8:55  Missile Turret  
  64  8:57  Marine x2  
  64  8:58  Marine  
  64  9:00  Missile Turret  
  67  9:12  Marine x3  
  67  9:15  Starport Reactor  
  70  9:21  Marine  
  68  9:34  Marine x3  
  68  9:36  Barracks Tech Lab  
  68  9:38  Barracks Tech Lab  
  71  9:39  Siege Tank  
  71  9:40  Widow Mine  
  76  9:51  Medivac  
  78  10:09  Refinery  
  78  10:10  Refinery  
  78  10:19  SCV x2  
  78  10:22  Medivac  
  48  10:50  Marine x2  
  48  10:51  Marauder, Marine x2  
  55  11:04  Siege Tank  
  56  11:08  Marine x3  
  56  11:09  Marine  
  59  11:19  SCV x2  
  59  11:20  Command Center  
  61  11:32  Marine x4  
  65  11:36  Siege Tank, Missile Turret  
  68  11:40  Medivac  
  68  11:43  Marine  
  71  11:52  Supply Depot  
  71  12:02  Orbital Command  
  71  12:08  Widow Mine x2  
  75  12:16  Viking  
  75  12:20  SCV  
  78  12:32  SCV  
  78  12:34  Marine x3  
  82  12:39  SCV  
  82  12:41  SCV  
  85  12:44  SCV  
  85  12:51  SCV  
  86  12:55  Marine x3  
  86  12:56  Marine  
  90  12:59  SCV  
  90  13:04  Marine x2  
  91  13:08  SCV x2  
  91  13:11  SCV  
  94  13:19  Missile Turret  
  94  13:20  SCV x2  
  94  13:23  SCV, Marine  
  98  13:31  Siege Tank  
  98  13:32  SCV x2, Marine  
  104  13:39  Refinery  
  104  13:40  Refinery  
  104  13:55  Planetary Fortress  
  104  13:56  Command Center  
  82  14:25  Marine  
  82  14:26  Widow Mine x2, Marine x2  
  80  14:37  Liberator  
  80  14:38  Liberator  
  74  14:43  Marine  
  74  14:44  Marine  
  73  14:55  Widow Mine  
  78  15:01  Marine  
  78  15:02  Marine  
  76  15:19  Marine  
  76  15:20  Liberator x2, Marine  
  73  15:31  Barracks Reactor  
  68  15:37  Marine  
  68  15:38  Marine  
  73  15:53  Marine  
  73  15:54  Marine  
  73  15:55  Marine  
  71  16:07  Widow Mine x2  
  73  16:11  Marine  
  73  16:12  Marine  
  73  16:13  Marine  
  73  16:17  Barracks x2  
  76  16:19  Barracks  
  76  16:21  SCV x3  
  76  16:33  SCV x3, Marine  
  76  16:34  Marine  
  84  16:45  SCV x3  
  87  16:47  Command Center  
  86  16:57  SCV x3  
  87  17:03  Factory Tech Lab  
  87  17:08  Liberator x2  
  87  17:09  SCV  
  88  17:21  Marine x2  
  88  17:22  Marine x3  
  93  17:23  Siege Tank  
  102  17:35  Marine  
  103  17:39  Marine x4  
  103  17:40  Marine  
  108  17:44  Supply Depot  
  108  17:45  SCV  
  108  17:51  Liberator  
  109  17:52  Marine  
  109  17:55  Siege Tank  
  109  17:57  Marine x4  
  117  18:08  Viking  
  119  18:22  SCV x4  
  119  18:24  Barracks Reactor  
  119  18:25  Barracks Reactor  
  119  18:26  Barracks Reactor  
  123  18:27  Siege Tank  
  123  18:28  Marine x2  
  123  18:32  Barracks Tech Lab  
  123  18:34  SCV x4  
  129  18:38  Viking  
  131  18:46  SCV x3, Marine x2  
  132  18:54  Viking  
  120  18:58  SCV  
  62  19:19  Marine  
Tags
 
Add a new tag
Caveats
  • Supply blocks, unpowered buildings, or Contaminate may cause inaccurate times.
  • Supply counts are checked every 10 seconds.